Map: [ESL] Waterfall

Players

Solar - Winner!

  • Race: Zerg Zerg
  • League: Master
  • Spawn Location: 7:00

HeroMarine

  • Race: Terran Terran
  • Spawn Location: 1:00

Event: TSL 9

VOD

Have the link to the VOD?

Description

Time

  • Played on: Sept. 2, 2022, 1:11 p.m.
  • Length: 9:39

All games in this series

Show
View Real Time Build Order
Export as new Build Order

Solar Zerg - Winner!

Build Orders: Hatch First 

Get SALT Encoding   

  12  0:00  Drone  
  13  0:12  Overlord  
  13  0:17  Drone  
  14  0:31  Drone x2  
  16  0:47  Hatchery  
  15  0:50  Drone  
  15  0:54  Drone  
  17  0:58  Drone  
  18  1:07  Extractor  
  17  1:13  Spawning Pool  
  17  1:16  Drone  
  17  1:19  Drone  
  18  1:27  Drone  
  19  1:38  Drone  
  20  1:49  Drone  
  21  1:59  Queen x2  
  21  2:01  Zergling x4  
  27  2:10  Zergling x2  
  27  2:11  Overlord  
  28  2:26  Hatchery  
  28  2:27  Drone  
  28  2:32  Drone  
  28  2:35  Queen  
  30  2:41  Drone  
  30  2:44  Metabolic Boost  
  31  2:49  Overlord  
  31  2:51  Drone  
  32  2:53  Drone  
  32  2:56  Drone  
  34  3:01  Drone  
  35  3:08  Drone x2  
  35  3:09  Drone  
  35  3:10  Drone x2  
  40  3:17  Queen  
  42  3:20  Overlord  
  42  3:23  Drone  
  43  3:30  Overlord  
  43  3:37  Queen  
  43  3:40  Queen  
  47  3:42  Drone x2  
  47  3:43  Drone  
  47  3:45  Drone  
  51  3:52  Drone x5  
  56  3:56  Overlord  
  56  3:59  Drone x2  
  56  4:00  Drone  
  56  4:02  Zergling x2  
  60  4:05  Drone  
  60  4:08  Drone  
  62  4:13  Zergling x2  
  62  4:14  Queen  
  62  4:16  Drone x3  
  68  4:21  Drone x3  
  68  4:24  Queen  
  71  4:27  Overlord  
  71  4:30  Overlord  
  73  4:31  Extractor  
  73  4:36  Zergling x2  
  73  4:37  Overlord  
  73  4:40  Lair  
  73  4:42  Spore Crawler  
  72  4:45  Extractor  
  72  4:46  Drone x2  
  72  4:49  Drone x3  
  72  4:51  Spore Crawler  
  76  4:52  Drone  
  76  4:53  Baneling Nest  
  76  4:54  Drone  
  76  4:55  Drone x2  
  76  4:56  Spore Crawler  
  76  4:58  Drone x2  
  79  5:03  Drone x4  
  79  5:05  Drone x2  
  85  5:09  Evolution Chamber  
  85  5:10  Evolution Chamber  
  85  5:11  Drone  
  84  5:14  Zergling x4  
  84  5:18  Drone  
  84  5:20  Drone  
  88  5:24  Drone, Extractor  
  88  5:25  Drone x2, Extractor  
  88  5:26  Overlord  
  89  5:30  Overlord  
  89  5:34  Hatchery  
  88  5:38  Zerg Ground Armor Level 1, Zerg Melee Weapons Level 1  
  88  5:40  Drone  
  88  5:42  Overlord  
  89  5:43  Overlord  
  89  5:45  Zergling x8  
  89  5:47  Overseer  
  93  5:51  Centrifugal Hooks  
  93  5:55  Drone x2  
  93  5:56  Drone x2  
  93  5:57  Drone x2  
  99  6:00  Drone  
  100  6:05  Zergling x8  
  100  6:11  Drone  
  105  6:16  Baneling x9  
  105  6:17  Baneling  
  105  6:19  Zergling x6  
  105  6:25  Zergling x2  
  109  6:28  Baneling x2  
  109  6:30  Zergling x12  
  115  6:33  Hydralisk Den  
  115  6:34  Zergling x4  
  115  6:35  Drone  
  115  6:37  Zergling x6  
  120  6:43  Zergling x2  
  120  6:44  Overlord  
  121  6:48  Zergling x4  
  121  6:53  Overlord  
  123  6:56  Hatchery  
  123  6:58  Zergling x6, Baneling x2  
  125  7:03  Muscular Augments, Drone x5  
  125  7:04  Drone  
  131  7:09  Zergling x6  
  131  7:15  Zergling x6  
  133  7:18  Queen  
  133  7:19  Baneling x6  
  133  7:20  Baneling x11  
  129  7:23  Zergling x10  
  129  7:24  Queen  
  129  7:26  Overlord x2  
  129  7:27  Queen  
  129  7:29  Zergling x4  
  134  7:31  Queen  
  134  7:36  Zergling x6  
  120  7:40  Zergling x2  
  120  7:41  Zergling x8  
  108  7:45  Baneling x2  
  108  7:46  Zergling x8  
  108  7:49  Zergling x4  
  108  7:50  Baneling  
  108  7:51  Baneling x8  
  114  7:54  Zergling x2, Queen  
  117  7:59  Zergling x6  
  117  8:00  Overlord  
  120  8:09  Zergling x6  
  120  8:11  Zergling x4  
  118  8:16  Queen  
  118  8:17  Zergling x2  
  118  8:18  Baneling  
  118  8:19  Baneling x8  
  120  8:21  Zergling x6  
  120  8:22  Overlord, Extractor  
  120  8:26  Zergling x2  
  120  8:27  Zergling x6  
  126  8:31  Zergling x6  
  129  8:35  Zergling x2  
  129  8:36  Baneling x10  
  129  8:38  Zergling x2  
  131  8:47  Zergling x20  
  139  8:50  Baneling x7  
  139  8:52  Zergling x10  
  143  8:58  Hydralisk x3  
  147  9:04  Overlord  
  147  9:05  Zergling x6  
Show
View Real Time Build Order
Export as new Build Order

HeroMarine Terran 

Build Orders: Reaper Expand, Hellion Banshee 

Get SALT Encoding   

  12  0:00  SCV  
  13  0:12  SCV  
  14  0:17  Supply Depot  
  14  0:24  SCV  
  15  0:38  SCV  
  15  0:39  Barracks  
  16  0:43  Refinery  
  16  0:50  SCV  
  17  1:02  SCV  
  18  1:15  SCV  
  19  1:26  Reaper  
  19  1:27  Orbital Command  
  20  1:40  Command Center  
  20  1:49  Supply Depot  
  20  1:53  SCV  
  21  1:58  Marine  
  22  2:05  SCV  
  23  2:11  Factory  
  23  2:17  SCV  
  23  2:20  Barracks Reactor  
  24  2:29  SCV  
  25  2:38  Command Center  
  25  2:41  SCV  
  26  2:52  Orbital Command  
  26  2:53  SCV  
  27  3:00  Starport  
  27  3:02  Refinery  
  27  3:05  SCV  
  28  3:10  Hellion  
  30  3:13  Hellion  
  30  3:17  SCV x2  
  30  3:19  Barracks Tech Lab  
  34  3:29  SCV x2  
  34  3:32  Hellion  
  38  3:34  Hellion  
  40  3:41  SCV x2  
  40  3:43  Barracks Tech Lab, Banshee  
  45  3:53  Orbital Command  
  45  3:54  SCV x2  
  47  3:56  Hellion  
  47  3:59  Hellion  
  47  4:00  Marine  
  52  4:04  Stimpack  
  52  4:06  SCV  
  52  4:07  SCV  
  54  4:15  Supply Depot  
  54  4:18  SCV  
  54  4:19  SCV  
  56  4:26  Factory Reactor, Marine  
  57  4:33  SCV x2, Barracks  
  57  4:35  Barracks  
  59  4:40  SCV  
  59  4:41  Factory Reactor  
  59  4:44  Marine  
  59  4:45  Supply Depot, SCV  
  62  4:48  Engineering Bay  
  62  4:50  Engineering Bay, SCV  
  62  4:52  Starport Reactor  
  63  4:53  SCV  
  63  4:57  SCV  
  65  5:02  SCV  
  65  5:03  Refinery  
  65  5:04  Refinery  
  65  5:05  SCV  
  67  5:08  Barracks  
  67  5:09  Barracks  
  67  5:13  Supply Depot  
  67  5:15  Supply Depot  
  67  5:20  Terran Infantry Armor Level 1, Terran Infantry Weapons Level 1  
  67  5:22  Marine  
  67  5:23  Marine x2  
  67  5:25  Orbital Command  
  67  5:28  Marine x2  
  70  5:35  Siege Tank  
  75  5:36  Supply Depot  
  75  5:40  Marine x2  
  75  5:41  Marine  
  75  5:42  Supply Depot  
  80  5:45  Combat Shield  
  80  5:46  Marine  
  80  5:48  Marine  
  80  5:49  Supply Depot  
  80  5:51  Medivac  
  80  5:53  Medivac  
  84  5:57  Marine x2  
  84  5:58  Marine x3  
  84  6:03  Supply Depot  
  84  6:04  Marine  
  89  6:06  Marine  
  91  6:11  Siege Tank  
  91  6:14  SCV x3  
  91  6:15  Marine x2  
  91  6:16  Marine x2  
  91  6:18  Marine  
  102  6:23  Medivac x2  
  102  6:24  Marine  
  107  6:25  Marine  
  108  6:32  Marine  
  108  6:33  Marine  
  108  6:34  Marine x2  
  108  6:35  Marine  
  113  6:42  Marine  
  113  6:43  Siege Tank, Marine  
  118  6:50  Marine x2  
  118  6:52  Marine x2  
  118  6:53  Marine  
  123  6:55  Medivac  
  123  7:00  Supply Depot  
  125  7:09  Supply Depot  
  125  7:10  Supply Depot  
  125  7:15  Marine x5  
  125  7:16  Medivac, Marine  
  125  7:18  Marine  
  124  7:24  Siege Tank  
  117  7:33  Marine x5  
  117  7:34  Marine  
  117  7:36  Marine  
  89  7:48  Liberator x2  
  89  7:49  SCV  
  89  7:51  Marine x6  
  96  7:52  SCV  
  96  7:53  SCV  
  96  7:54  Marine  
  105  8:02  SCV  
  105  8:04  Siege Tank  
  111  8:09  Marine x3  
  107  8:15  Marine x2  
  107  8:16  Marine x2  
  107  8:25  Factory  
  107  8:27  Marine x3  
  107  8:32  Liberator  
  107  8:33  Marine x2  
  115  8:34  Marine x2  
  115  8:36  Liberator, Siege Tank  
  123  8:44  Marine x3  
  126  8:50  Marine  
  126  8:51  Marine  
  126  8:52  Marine x2  
  130  9:02  Marine x3  
  125  9:08  Marine x2  
  128  9:10  Marine x2  
  107  9:20  Marine x3  
Tags
 
Add a new tag
Caveats
  • Supply blocks, unpowered buildings, or Contaminate may cause inaccurate times.
  • Supply counts are checked every 10 seconds.